 Dungeon Crawl Stone Soup version 0.26.0-10-g1f06aea511 (webtiles) character file.

Game seed: 11050764160181742300

56 Borgoz the Slasher (level 3, 0/30 HPs)
             Began as a Ghoul Gladiator on Jan 13, 2021.
             Slain by a gnoll
             ... wielding a +0 spear
              (4 damage)
             ... on level 2 of the Dungeon.
             The game lasted 00:01:59 (1663 turns).

Borgoz the Slasher (Ghoul Gladiator)                Turns: 1663, Time: 00:01:59

Health: 0/30       AC:  5    Str: 17    XL:     3   Next: 95%
Magic:  2/2        EV: 12    Int:  3    God:
Gold:   48         SH:  0    Dex:  7    Spells: 2/2 levels left

rFire    . . .     SeeInvis .   a - +0 long sword
rCold    + . .     Faith    .   (no shield)
rNeg     + + +     Spirit   .   b - +0 leather armour
rPois    ∞         Reflect  .   c - +0 helmet
rElec    .         Harm     .   (no cloak)
rCorr    .         Rampage  .   (no gloves)
Will     .....                  h - +0 pair of boots
Stlth    +.........             (no amulet)
HPRegen  0.00/turn              k - -4 ring of dexterity (curse)
MPRegen  0.08/turn              (no ring)

@: attractive
A: claws 1, cold resistance 1, negative energy resistance 3, inhibited
regeneration, torment resistance, unbreathing
a: no special abilities


You were on level 2 of the Dungeon.
You visited 1 branch of the dungeon, and saw 2 of its levels.

You collected 48 gold pieces.

Inventory:

Hand Weapons
 a - a +0 long sword (weapon)
Missiles
 d - a throwing net (quivered)
Armour
 b - a +0 leather armour (worn)
 c - a +0 helmet (worn)
 g - +0 fire dragon scales
 h - a +0 pair of boots (worn)
Jewellery
 k - a cursed -4 ring of dexterity (left claw)
Scrolls
 e - a scroll of amnesia {unknown}
 f - a scroll of fog {unknown}
Potions
 i - a potion of lignification {unknown}
 j - a potion of attraction


   Skills:
 + Level 2.6 Fighting
 * Level 3.2 Long Blades
 - Level 1.7 Throwing
 * Level 1.7 Armour
 + Level 3.0 Dodging


You had 2 spell levels left.
You didn't know any spells.
Your spell library was empty.

Dungeon Overview and Level Annotations

Branches:
Dungeon (2/15)

Altars:


Innate Abilities, Weirdness & Mutations

You thrive by killing the living.
You are immune to poison.
You have sharp fingernails.
Your flesh is cold resistant. (rC+)
You are immune to negative energy. (rN+++)
You do not regenerate when monsters are visible.
You are immune to unholy pain and torment.
You can survive without breathing.


Message History

The adder closely misses you. The gnoll hits you but does no damage.
The adder misses you.
You closely miss the gnoll.
The gnoll is lightly wounded.
The adder closely misses you. The gnoll hits you with a +0 spear.
The adder bites you. The gnoll closely misses you.
Throw: 3 throwing nets
Press: ? - help, Q - select action Shift-Dir - straight line, f - gnoll
Aim: a gnoll, wielding a +0 spear (lightly wounded)
You throw a throwing net.
The throwing net barely misses the gnoll.
The adder closely misses you. The gnoll hits you with a +0 spear!
* * * LOW HITPOINT WARNING * * *
Throw: 2 throwing nets
Press: ? - help, Q - select action Shift-Dir - straight line, f/p - gnoll
Aim: a gnoll, wielding a +0 spear (lightly wounded)
You throw a throwing net.
The throwing net barely misses the gnoll.
The adder bites you but does no damage. The gnoll hits you with a +0 spear.
You die...

#.. ... .. ..##
..# #.#
##..####.########
.....gS@.........
..#.###g#.#.#####
.........>.....#
...###.#.#.###.#
#(....# ###.###
#.#### #....#
####.#


You could see a gnoll, an adder and a goblin.

Vanquished Creatures
  An adder (D:2)
  2 gnolls (D:2)
  A dart slug (D:1)
  2 bats (D:1)
  5 goblins
  2 hobgoblins (D:1)
  5 frilled lizards
  5 kobolds (D:1)
  6 rats (D:1)
29 creatures vanquished.

Notes
Turn   | Place    | Note
-------+----------+-------------------------------------------
     0 | D:1      | Borgoz the Ghoul Gladiator began the quest for the Orb.
     0 | D:1      | Reached XP level 1. HP: 17/17 MP: 0/0
   207 | D:1      | Reached XP level 2. HP: 24/24 MP: 1/1
   472 | D:1      | Reached skill level 1 in Armour
  1154 | D:1      | Reached XP level 3. HP: 25/30 MP: 2/2
  1663 | D:2      | Slain by a gnoll

Illustrated notes

Levels and vault maps discovered:
D:1:      amcnicky_arrival_blooded_trapdoor, layout_basic
D:2:      layout_loops_ring, grunt_temple_overflow_opulence, elyvilon_altar_5,
          chequers_ecumenical_altar_lobes

Skill      XL: |  1  2  3 |
---------------+----------+-----
Armour         | 1 |  1.7
Long Blades    | 3 |  3.2
Dodging        | 3 |  3.0
Fighting       | |  2.6
Throwing       | |  1.7

Action                   || total
-------------------------++-------
Melee: Long sword        ||    93
Throw: Throwing net      ||     2
  Use: Scroll            ||     2
       Potion            ||     2
Armor: Leather armour    ||    26
Dodge: Dodged            ||    67
       Rpst.: Long sword ||    19
